 Dungeon Crawl Stone Soup version 0.23.0 (webtiles) character file.

Game seed: 10478000585761373870

37 Gargoyl the Skirmisher (level 3, -1/31 HPs)
             Began as a Centaur Abyssal Knight on Feb 19, 2019.
             Was a Follower of Lugonu.
             Slain by Sigmund
             ... wielding a +0 scythe of pain
              (9 damage)
             ... on level 2 of the Dungeon.
             The game lasted 00:01:35 (865 turns).

Gargoyl the Skirmisher (Centaur Abyssal Knight)      Turns: 865, Time: 00:01:35

Health: -1/31      AC: 10    Str: 14    XL:     3   Next: 21%
Magic:  4/4        EV:  2    Int: 11    God:    Lugonu [*.....]
Gold:   102        SH:  0    Dex:  9    Spells: 2/2 levels left

rFire    . . .     SeeInvis .   a - +2 hand axe
rCold    . . .     Gourm    .   (no shield)
rNeg     . . .     Faith    .   m - +0 plate armour
rPois    .         Spirit   .   (no helmet)
rElec    .         Reflect  .   (no cloak)
rCorr    .         Harm     .   e - +1 pair of gloves
MR       .....                  (no barding)
Stlth    ..........             (no amulet)
HPRegen  0.10/turn              (no ring)
MPRegen  0.09/turn              (no ring)

@: confused, very quick
A: large, hooves 3, deformed body, speed 2, tough skin 3
a: Depart the Abyss, Renounce Religion


You were on level 2 of the Dungeon.
You worshipped Lugonu.
Lugonu was aware of your devotion.
You were not hungry.

You visited 1 branch of the dungeon, and saw 2 of its levels.
You visited the Abyss 1 time.

You collected 102 gold pieces.

Inventory:

Hand Weapons
 a - a +2 hand axe (weapon)
Missiles
 d - 6 poisoned javelins (quivered)
Armour
 e - a +1 pair of gloves (worn)
 m - a +0 plate armour (worn)
Scrolls
 g - 2 scrolls of teleportation {unknown}
 i - a scroll of enchant armour {unknown}
 j - 2 scrolls of identify
 l - a scroll of fog {unknown}
Potions
 b - a potion of agility {unknown}
 f - a potion of curing {unknown}
 h - a potion of brilliance {unknown}
Comestibles
 c - 4 rations


   Skills:
 + Level 3.5 Fighting
 + Level 2.1 Axes
 * Level 1.7 Armour
 * Level 1.0 Dodging
 * Level 2.3 Invocations


You had 2 spell levels left.
You didn't know any spells.
Your spell library was empty.

Dungeon Overview and Level Annotations

Branches:
Dungeon (2/15)

Altars:

Annotations:
D:2 Sigmund


Innate Abilities, Weirdness & Mutations

You have hooves in place of feet.
Armour fits poorly on your strangely shaped body.
You cover ground very quickly.
You have extremely tough skin. (AC +3)


Message History

You closely miss the leopard gecko.
The leopard gecko is heavily wounded.
Your plate armour prevents you from hitting the kobold.
Sigmund mumbles some strange words.
Sigmund flickers and vanishes!
Deactivating autopickup; reactivate with Ctrl-A.
The leopard gecko bites you but does no damage.
Something hits you. The kobold hits you but does no damage.
The leopard gecko bites you. The kobold hits you but does no damage.
You hear some strange, mumbled words.
You are confused.
You bump into the rock wall.
You bump into the rock wall.
The leopard gecko completely misses you.
Something hits you.
You bump into the rock wall.
The leopard gecko bites you.
* * * LOW HITPOINT WARNING * * *
Something hits you!
You die...

... $# .. #..#########.###
# #.#.# #.
##.........#..... #.
......... .............#
#.#.#.# #.#.# #......>....
#............ #........#
##.#.#.#.#.#.####........#
##..............##........#
....#.#.#.#.#.#@l.K.....(.#
#...<.......###........#
##.#)#.#.#.## #........#
#...........###...######
##.#.#.#.#.#......#
#......).....######
##.#.#.#.#.#.#
#............#
##.#.#.#.#.#.#


You could see a leopard gecko and a kobold.

Vanquished Creatures
  2 worms (D:2)
  2 dart slugs (D:1)
  4 leopard geckos
  5 goblins (D:1)
  3 hobgoblins
  2 kobolds
  A bat (D:1)
  A frilled lizard (D:1)
  2 rats (D:1)
22 creatures vanquished.

Notes
Turn   | Place    | Note
-------+----------+-------------------------------------------
     0 | Abyss:1  | Gargoyl the Centaur Abyssal Knight began the quest for the
                  | Orb.
     0 | Abyss:1  | Reached XP level 1. HP: 19/19 MP: 2/2
    84 | Abyss:2  | Noticed an efreet
    85 | D:1      | Escaped the Abyss
   143 | D:1      | Reached * piety under Lugonu
   254 | D:1      | Reached XP level 2. HP: 26/26 MP: 3/3
   550 | D:1      | Reached skill level 1 in Dodging
   597 | D:2      | Noticed Sigmund
   748 | D:2      | Reached XP level 3. HP: 23/31 MP: 4/4
   865 | D:2      | Slain by Sigmund

Skill      XL: |  1  2 |
---------------+-------+-----
Axes           | 2 |  2.1
Dodging        | 1 |  1.0
Fighting       | |  3.5
Armour         | |  1.7
Invocations    | |  2.3

Action                   || total
-------------------------++-------
Melee: Hand axe          ||    54
       Kick              ||     7
Invok: Depart the Abyss  ||     1
  Use: Scroll            ||     2
Armor: Leather armour    ||    16
       Plate armour      ||    21
Dodge: Dodged            ||    22
